TOP OF THE 1ST |
Baltimore Orioles batting - Pitching for Boston Red Sox : RHP Justin Whitesack
|
Pitching: RHP Justin Whitesack
|
|
Batting: RHB Saimei Kudo
|
0-0: Called Strike 0-1: Foul Ball, location: 2F 0-2: Ball 1-2: Strikes out looking
|
Batting: SHB Gareth Busby
|
0-0: Ball 1-0: Called Strike 1-1: Foul Ball, location: 2F 1-2: Foul Ball, location: 2F 1-2: Ball 2-2: Ground out U3 (Groundball, 3, EV 91.9 MPH)
|
Batting: RHB Rudo Garciaparra
|
0-0: Ball 1-0: SOLO HOME RUN (Flyball, 7D, EV 98.1 MPH), Distance : 402 ft
|
Batting: RHB Vince Jackson
|
0-0: Ball 1-0: Ground out 5-3 (Groundball, 5S, EV 75.0 MPH)
|
Top of the 1st over - 1 run, 1 hit, 0 errors, 0 left on base; Baltimore 1 - Boston 0 |
BOTTOM OF THE 1ST |
Boston Red Sox batting - Pitching for Baltimore Orioles : RHP Ryan Sobocinski
|
Pitching: RHP Ryan Sobocinski
|
|
Batting: LHB Shoichi Aso
|
0-0: Foul Ball, location: 2F 0-1: Ball 1-1: Foul Ball, location: 2F 1-2: Ball 2-2: Foul Ball, location: 2F 2-2: Ball 3-2: SINGLE (Line Drive, 89S, EV 93.8 MPH)
|
Batting: RHB Nick Esteves
|
0-0: Swinging Strike 0-1: Ball 1-1: Sac Bunt to 25 - play at first, batter OUT! 5-3 Shoichi Aso to second
|
Batting: LHB Kevin McCormic Jr.
|
0-0: Fly out, F8 (Flyball, 8LS, EV 76.9 MPH)
|
Batting: RHB David Price Jr.
|
0-0: Called Strike 0-1: Ball 1-1: Foul Ball, location: 2F 1-2: Foul Ball, location: 2F 1-2: Ground out 1-3 (Groundball, 15S, EV 69.4 MPH)
|
Bottom of the 1st over - 0 runs, 1 hit, 0 errors, 1 left on base; Baltimore 1 - Boston 0 |
TOP OF THE 2ND |
Baltimore Orioles batting - Pitching for Boston Red Sox : RHP Justin Whitesack
|
Batting: LHB Tommy Luce
|
0-0: Called Strike 0-1: Ball 1-1: Swinging Strike 1-2: Strikes out swinging
|
Batting: RHB Marc Peckermark
|
0-0: Ball 1-0: Foul Ball, location: 2F 1-1: Hit by Pitch
|
Batting: RHB Scott Treider
|
0-0: Ball 1-0: Fly out, F7 (Flyball, 7D, EV 100.0 MPH)
|
Batting: LHB Paul Diaz
|
0-0: Swinging Strike 0-1: Fly out, F5 (Popup, 25F, EV 83.1 MPH)
|
Top of the 2nd over - 0 runs, 0 hits, 0 errors, 1 left on base; Baltimore 1 - Boston 0 |
BOTTOM OF THE 2ND |
Boston Red Sox batting - Pitching for Baltimore Orioles : RHP Ryan Sobocinski
|
Batting: LHB Bob Branham
|
0-0: Called Strike 0-1: SINGLE (Line Drive, 6D, EV 94.4 MPH)
|
Batting: LHB Zack Guillen
|
0-0: Ball 1-0: Foul Ball, location: 2F 1-1: Ball 2-1: Ball 3-1: Swinging Strike 3-2: Foul Ball, location: 2F 3-2: 2-RUN HOME RUN (Flyball, 9LD, EV 88.8 MPH), Distance : 332 ft
|
Batting: SHB Greg Shaw
|
0-0: Foul Ball, location: 2F 0-1: Called Strike 0-2: Ball 1-2: Ball 2-2: Ball 3-2: Strikes out swinging
|
Batting: RHB Dan Friess
|
0-0: Ball 1-0: Called Strike 1-1: Ball 2-1: Ball 3-1: Base on Balls
|
Batting: SHB Willie Koviak
|
0-0: Ball 1-0: Called Strike 1-1: Swinging Strike 1-2: Strikes out swinging
|
Batting: LHB Shoichi Aso
|
0-0: Ball 1-0: Foul Ball, location: 2F Pickoff Throw to First - Out! 1-3
|
Bottom of the 2nd over - 2 runs, 2 hits, 0 errors, 0 left on base; Baltimore 1 - Boston 2 |
TOP OF THE 3RD |
Baltimore Orioles batting - Pitching for Boston Red Sox : RHP Justin Whitesack
|
Batting: SHB Eduardo Maldonado
|
0-0: Fly out, F7 (Flyball, 7D, EV 92.5 MPH)
|
Batting: RHB Saimei Kudo
|
0-0: Ball 1-0: Swinging Strike 1-1: Foul Ball, location: 2F 1-2: Strikes out swinging
|
Batting: SHB Gareth Busby
|
0-0: Ball 1-0: Ball 2-0: Ball 3-0: Base on Balls
|
Batting: RHB Rudo Garciaparra
|
0-0: Ball Gareth Busby is caught stealing 2nd base 2-4
|
Top of the 3rd over - 0 runs, 0 hits, 0 errors, 0 left on base; Baltimore 1 - Boston 2 |
BOTTOM OF THE 3RD |
Boston Red Sox batting - Pitching for Baltimore Orioles : RHP Ryan Sobocinski
|
Batting: LHB Shoichi Aso
|
0-0: Foul Ball, location: 2F 0-1: Ball 1-1: Ground out 1-3 (Groundball, 13S, EV 69.4 MPH)
|
Batting: RHB Nick Esteves
|
0-0: Ball 1-0: SOLO HOME RUN (Line Drive, 7D, EV 116.2 MPH), Distance : 464 ft
|
Batting: LHB Kevin McCormic Jr.
|
0-0: Called Strike 0-1: Ball 1-1: Called Strike 1-2: Ball 2-2: Ball 3-2: Base on Balls
|
Batting: RHB David Price Jr.
|
0-0: Fly out, F8 (Flyball, 8RXD, EV 89.4 MPH)
|
Batting: LHB Bob Branham
|
0-0: Ball 1-0: Foul Ball, location: 2F 1-1: Called Strike 1-2: Fly out, F7 (Flyball, 78D, EV 104.4 MPH)
|
Bottom of the 3rd over - 1 run, 1 hit, 0 errors, 1 left on base; Baltimore 1 - Boston 3 |
TOP OF THE 4TH |
Baltimore Orioles batting - Pitching for Boston Red Sox : RHP Justin Whitesack
|
Batting: RHB Rudo Garciaparra
|
0-0: Ball 1-0: Ball 2-0: Ball 3-0: Called Strike 3-1: Foul Ball, location: 2F 3-2: Foul Ball, location: 2F 3-2: Foul Ball, location: 2F 3-2: Foul Ball, location: 2F 3-2: Foul Ball, location: 2F 3-2: Fly out, F7 (Line Drive, 7S, EV 97.5 MPH)
|
Batting: RHB Vince Jackson
|
0-0: Ball 1-0: Called Strike 1-1: SINGLE (Groundball, 56D, EV 96.9 MPH)
|
Batting: LHB Tommy Luce
|
0-0: Ball 1-0: Swinging Strike 1-1: Grounds into double play, U6-3 (Groundball, 4M, EV 97.5 MPH)
|
Top of the 4th over - 0 runs, 1 hit, 0 errors, 0 left on base; Baltimore 1 - Boston 3 |
BOTTOM OF THE 4TH |
Boston Red Sox batting - Pitching for Baltimore Orioles : RHP Ryan Sobocinski
|
Batting: LHB Zack Guillen
|
0-0: Ball 1-0: DOUBLE (Flyball, 78XD, EV 91.9 MPH)
|
Batting: SHB Greg Shaw
|
0-0: Called Strike 0-1: Ground out 4-3 (Groundball, 34, EV 100.6 MPH) Zack Guillen to third
|
Batting: RHB Dan Friess
|
0-0: Ball 1-0: Swinging Strike 1-1: Swinging Strike 1-2: Foul Ball, location: 2F 1-2: Foul Ball, location: 2F 1-2: Foul Ball, location: 2F 1-2: Ball 2-2: Strikes out swinging
|
Batting: SHB Willie Koviak
|
0-0: Ball 1-0: Ground out 3-1 (Groundball, 34S, EV 81.9 MPH)
|
Bottom of the 4th over - 0 runs, 1 hit, 0 errors, 1 left on base; Baltimore 1 - Boston 3 |
TOP OF THE 5TH |
Baltimore Orioles batting - Pitching for Boston Red Sox : RHP Justin Whitesack
|
Batting: RHB Marc Peckermark
|
0-0: Ball 1-0: Ball 2-0: Called Strike 2-1: Swinging Strike 2-2: Strikes out swinging
|
Batting: RHB Scott Treider
|
0-0: Ball 1-0: Ball 2-0: Called Strike 2-1: Foul Ball, location: 2F 2-2: Ball 3-2: Base on Balls
|
Batting: LHB Paul Diaz
|
0-0: Called Strike 0-1: Ball 1-1: Called Strike 1-2: Ball 2-2: Foul Ball, location: 2F 2-2: Ball 3-2: Fly out, F7 (Flyball, 7LD, EV 93.8 MPH)
|
Batting: SHB Eduardo Maldonado
|
0-0: Ball 1-0: Fielders Choice at 2nd, 6-4 (Groundball, 6, EV 85.0 MPH)
|
Top of the 5th over - 0 runs, 0 hits, 0 errors, 1 left on base; Baltimore 1 - Boston 3 |
BOTTOM OF THE 5TH |
Boston Red Sox batting - Pitching for Baltimore Orioles : RHP Ryan Sobocinski
|
Batting: LHB Shoichi Aso
|
0-0: Called Strike 0-1: Fly out, F8 (Flyball, 8LS, EV 94.4 MPH)
|
Batting: RHB Nick Esteves
|
0-0: Foul Ball, location: 2F 0-1: Ground out 6-3 (Groundball, 6, EV 104.4 MPH)
|
Batting: LHB Kevin McCormic Jr.
|
0-0: Ball 1-0: Called Strike 1-1: Called Strike 1-2: Ground out 6-3 (Groundball, 6, EV 108.1 MPH)
|
Bottom of the 5th over - 0 runs, 0 hits, 0 errors, 0 left on base; Baltimore 1 - Boston 3 |
TOP OF THE 6TH |
Baltimore Orioles batting - Pitching for Boston Red Sox : RHP Justin Whitesack
|
Batting: RHB Saimei Kudo
|
0-0: Called Strike 0-1: Called Strike 0-2: Ball 1-2: Ball 2-2: SINGLE (Groundball, 56S, EV 68.1 MPH) (infield hit)
|
Batting: SHB Gareth Busby
|
0-0: Fly out, F4 (Popup, 34, EV 55.6 MPH)
|
Batting: RHB Rudo Garciaparra
|
0-0: Grounds into double play, 5-4-3 (Groundball, 56, EV 101.9 MPH)
|
Top of the 6th over - 0 runs, 1 hit, 0 errors, 0 left on base; Baltimore 1 - Boston 3 |
BOTTOM OF THE 6TH |
Boston Red Sox batting - Pitching for Baltimore Orioles : RHP Ryan Sobocinski
|
Batting: RHB David Price Jr.
|
0-0: Ball 1-0: Ball 2-0: SINGLE (Flyball, 56D, EV 85.0 MPH)
|
Batting: LHB Bob Branham
|
0-0: Fly out, F9 (Line Drive, 89M, EV 98.8 MPH)
|
Batting: LHB Zack Guillen
|
0-0: Fielders Choice at 2nd, 3-6 (Groundball, 3, EV 82.5 MPH)
|
Batting: SHB Greg Shaw
|
0-0: Ball 1-0: DOUBLE (Line Drive, 78D, EV 105.0 MPH) Zack Guillen to third Runner from 3rd tries for Home, SAFE, throw by CF to home
|
Batting: RHB Dan Friess
|
0-0: Ball 1-0: Called Strike 1-1: Ball 2-1: Called Strike 2-2: Strikes out looking
|
Bottom of the 6th over - 1 run, 2 hits, 0 errors, 1 left on base; Baltimore 1 - Boston 4 |
TOP OF THE 7TH |
Baltimore Orioles batting - Pitching for Boston Red Sox : RHP Justin Whitesack
|
Batting: RHB Vince Jackson
|
0-0: Called Strike 0-1: Ball 1-1: Ball 2-1: Ball 3-1: Foul Ball, location: 2F 3-2: SINGLE (Groundball, 6MD, EV 105.0 MPH)
|
Batting: LHB Tommy Luce
|
0-0: Called Strike 0-1: Swinging Strike 0-2: Foul Ball, location: 2F 0-2: Fly out, F8 (Line Drive, 8RM, EV 105.0 MPH)
|
Batting: RHB Marc Peckermark
|
0-0: Called Strike 0-1: Called Strike 0-2: Foul Ball, location: 2F 0-2: Ball 1-2: Foul Ball, location: 2F 1-2: Strikes out looking
|
Batting: RHB Scott Treider
|
0-0: Ball 1-0: Ball 2-0: Foul Ball, location: 2F 2-1: Foul Ball, location: 2F 2-2: Foul Ball, location: 2F 2-2: Foul Ball, location: 2F 2-2: Foul Ball, location: 2F 2-2: Fielders Choice at 2nd, 6-4 (Groundball, 6, EV 105.6 MPH)
|
Top of the 7th over - 0 runs, 1 hit, 0 errors, 1 left on base; Baltimore 1 - Boston 4 |
BOTTOM OF THE 7TH |
Boston Red Sox batting - Pitching for Baltimore Orioles : RHP Ryan Sobocinski
|
Batting: SHB Willie Koviak
|
0-0: DOUBLE (Line Drive, 5D, EV 95.6 MPH)
|
Batting: LHB Shoichi Aso
|
0-0: Foul Ball, location: 2F 0-1: Ball 1-1: Foul Ball, location: 2F 1-2: Ball 2-2: Foul Ball, location: 2F 2-2: Ball 3-2: Base on Balls
|
Batting: RHB Nick Esteves
|
0-0: Ball 1-0: Ball 2-0: Swinging Strike 2-1: Bunted foul 2-2: Foul Ball, location: 2F 2-2: Ball 3-2: Grounds into double play, 4-6-3 (Groundball, 4, EV 85.6 MPH) Willie Koviak to third
|
Batting: LHB Kevin McCormic Jr.
|
0-0: Called Strike 0-1: Ball 1-1: Foul Ball, location: 2F 1-2: Ball 2-2: Ball 3-2: Fly out, F8 (Flyball, 8RM, EV 78.1 MPH)
|
Bottom of the 7th over - 0 runs, 1 hit, 0 errors, 1 left on base; Baltimore 1 - Boston 4 |
TOP OF THE 8TH |
Baltimore Orioles batting - Pitching for Boston Red Sox : RHP Justin Whitesack
|
Pitching: RHP Billy Fitzgerald
|
|
Batting: LHB Paul Diaz
|
0-0: Foul Ball, location: 2F 0-1: Ball 1-1: Foul Ball, location: 2F 1-2: Strikes out swinging
|
Batting: SHB Eduardo Maldonado
|
0-0: SINGLE (Line Drive, 8RS, EV 93.8 MPH)
|
Batting: RHB Saimei Kudo
|
0-0: Ball 1-0: Fly out, F7 (Flyball, 78M, EV 95.6 MPH)
|
Batting: SHB Gareth Busby
|
0-0: Called Strike 0-1: Foul Ball, location: 2F 0-2: Ball 1-2: Hit by Pitch Eduardo Maldonado to second
|
Batting: RHB Rudo Garciaparra
|
0-0: Ball 1-0: SINGLE (Flyball, 5D, EV 93.8 MPH) Eduardo Maldonado to third Gareth Busby to second Runner from 3rd tries for Home, throw by LF and OUT! 7-2
|
Top of the 8th over - 0 runs, 2 hits, 0 errors, 2 left on base; Baltimore 1 - Boston 4 |
BOTTOM OF THE 8TH |
Boston Red Sox batting - Pitching for Baltimore Orioles : RHP Ryan Sobocinski
|
Pitching: RHP Josh Wollaston
|
|
Batting: RHB David Price Jr.
|
0-0: Called Strike 0-1: Ball 1-1: Fly out, F7 (Flyball, 78S, EV 76.9 MPH)
|
Batting: LHB Bob Branham
|
0-0: Ball 1-0: Ball 2-0: Ball 3-0: Called Strike 3-1: Fly out, F7 (Flyball, 78D, EV 90.6 MPH)
|
Batting: LHB Zack Guillen
|
0-0: Called Strike 0-1: Foul Ball, location: 2F 0-2: Ball 1-2: Ball 2-2: Strikes out swinging
|
Bottom of the 8th over - 0 runs, 0 hits, 0 errors, 0 left on base; Baltimore 1 - Boston 4 |
TOP OF THE 9TH |
Baltimore Orioles batting - Pitching for Boston Red Sox : RHP Billy Fitzgerald
|
Pitching: RHP Guadalupe Vasguez
|
|
Now at 3B: Willie Koviak
|
|
Now at SS: Alois Wollf
|
|
Now in LF: Shoichi Aso
|
|
Now in RF: David Price Jr.
|
|
Batting: RHB Vince Jackson
|
0-0: Ball 1-0: SINGLE (Groundball, 6MS, EV 66.2 MPH) (infield hit)
|
Batting: LHB Tommy Luce
|
0-0: Ball 1-0: Ball 2-0: Ball 3-0: Called Strike 3-1: Base on Balls Vince Jackson to second
|
Batting: RHB Marc Peckermark
|
0-0: Called Strike 0-1: Foul Ball, location: 2F 0-2: Foul Ball, location: 2F 0-2: Foul Ball, location: 2F 0-2: Ball 1-2: Foul Ball, location: 2F 1-2: Fly out, F8 (Flyball, 8RD, EV 101.9 MPH)
|
Pinch Hitting: SHB Robert Handy
|
0-0: Called Strike 0-1: Called Strike 0-2: Ball 1-2: Ball 2-2: Ball 3-2: Foul Ball, location: 2F 3-2: Foul Ball, location: 2F 3-2: Foul Ball, location: 2F 3-2: Fly out, F8 (Flyball, 8RM, EV 83.1 MPH)
|
Batting: LHB Paul Diaz
|
0-0: Ball 1-0: Swinging Strike 1-1: Swinging Strike 1-2: Foul Ball, location: 2F 1-2: Foul Ball, location: 2F 1-2: Ball 2-2: Strikes out swinging
|
Top of the 9th over - 0 runs, 1 hit, 0 errors, 2 left on base; Baltimore 1 - Boston 4 |
|